 Dungeon Crawl Stone Soup version 0.31-a0-1104-g3bd3108e02 (webtiles) character file.

Game seed: 16475741470312968348

11394 ChronoRanger the Severer (level 11, -2/97 HPs)
             Began as a Hill Orc Berserker on Dec 2, 2023.
             Was an Elder of Trog.
             Killed from afar by an electric eel (10 damage)
             ... with a bolt of electricity
             ... on level 11 of the Dungeon.
             The game lasted 00:37:17 (12161 turns).

ChronoRanger the Severer (Hill Orc Berserker)      Turns: 12161, Time: 00:37:18

Health: -2/97      AC: 20    Str: 25    XL:     11   Next: 77%
Magic:  0/11       EV: 14    Int:  7    God:    Trog [****..]
Gold:   218        SH:  0    Dex: 10    Spells: 10/10 levels left

rFire   . . .        b - +1 executioner's axe (elec)
rCold   . . .        (shield currently unavailable)
rNeg    . . .        A - +0 plate armour
rPois   +            F - +1 hat
rElec   .            n - +1 cloak
rCorr   .            f - +0 pair of gloves
SInv    .            m - +1 pair of boots
Will    .....        a - amulet of guardian spirit Stlth
                     l - ring of poison resistance
HPRegen 0.36/turn    u - +5 ring of evasion
MPRegen 0.12/turn

%: guardian spirit
@: studying Shields
A: no striking features
a: Renounce Religion, Berserk, Trog's Hand, Brothers in Arms


You were on level 11 of the Dungeon.
You worshipped Trog.
Trog was greatly pleased with you.
You visited 1 branch of the dungeon, and saw 11 of its levels.
You also visited: Sewer and Bailey.

You collected 416 gold pieces.
You spent 198 gold pieces at shops.

Inventory:

Hand Weapons
 b - a +1 executioner's axe of electrocution (weapon)
 g - a +2 morningstar of freezing
Missiles
 i - 22 poisoned darts (quivered)
 y - 4 throwing nets
 E - 5 curare-tipped darts
Armour
 f - a +0 pair of gloves (worn)
 m - a +1 pair of boots (worn)
 n - a +1 cloak (worn)
 A - a +0 plate armour (worn)
 F - a +1 hat (worn)
Jewellery
 a - an amulet of guardian spirit (around neck)
 l - a ring of poison resistance (left hand)
 p - a +4 ring of protection
 u - a +5 ring of evasion (right hand)
 G - a ring of ice
 I - a ring of fire
Wands
 h - a wand of flame (29)
 s - a wand of quicksilver (9)
 x - a wand of iceblast (4)
Scrolls
 r - 4 scrolls of teleportation
 B - 2 scrolls of immolation
 C - a scroll of enchant armour
 D - a scroll of poison
Potions
 c - 2 potions of resistance
 d - 3 potions of heal wounds
 e - 3 potions of might
 j - 2 potions of enlightenment
 k - 4 potions of lignification
 o - a potion of cancellation
 q - 3 potions of mutation
 t - a potion of ambrosia {unknown}
 v - a potion of curing {unknown}
 w - a potion of haste {unknown}
 z - a potion of attraction {unknown}
 H - a potion of invisibility {unknown}


   Skills:
 - Level 9.0 Fighting
 * Level 18.1 Axes
 - Level 7.8 Armour
 - Level 5.9 Dodging


You had 10 spell levels left.
You didn't know any spells.
Your spell library was empty.

Dungeon Overview and Level Annotations

Branches:
Dungeon (11/15)            Temple (0/1) D:5           Sewer (visited)
 Bailey (visited)
   Lair: D:8-11         Orc: D:9-12

Altars:
Qazlal
Sif Muna

Shops:
D:7 :?


Message History

You're too confused to move!
Urug hits you with a +4 great sword!
Urug throws a javelin.
The javelin barely misses you.
You bump into the rock wall.
Urug throws a javelin.
The javelin pierces through you!!
* * * LOW HITPOINT WARNING * * *
You are too confused!
Your magical effects are unravelling.
You feel magically purged.
You feel less confused.
You slice Urug!!
You kill Urug!
Trog accepts your kill.
Your Axes skill increases to level 18!
The electric eel shoots out a bolt of lightning at you!
The bolt of electricity misses you. The bolt of electricity hits you!
* * * LOW HITPOINT WARNING * * *
Items here: ( ) / [.
You hit the electric eel.
The electric eel is moderately wounded.
You barely miss the electric eel.
The electric eel is moderately wounded.
The electric eel shoots out a bolt of lightning at you!
The bolt of electricity hits you!
* * * LOW HITPOINT WARNING * * *
The bolt of electricity hits you.
* * * LOW HITPOINT WARNING * * *
You barely miss the electric eel.
The electric eel is moderately wounded.
The electric eel shoots out a bolt of lightning at you!
The bolt of electricity hits you!
* * * LOW HITPOINT WARNING * * *
The bolt of electricity hits you.
* * * LOW HITPOINT WARNING * * *
You closely miss the electric eel.
The electric eel is moderately wounded.
The electric eel shoots out a bolt of lightning at you!
The bolt of electricity hits you!
* * * LOW HITPOINT WARNING * * *
The bolt of electricity hits you!
You die...

##############≈
≈≈≈≈≈≈≈≈≈≈≈≈≈≈≈
≈≈≈≈≈≈≈S≈≈≈≈≈≈≈
.......@.......
####.###)####...
........<#
####.#####


You could see an electric eel.

Vanquished Creatures
  Gastronok (D:10)
  Fannar (D:10)
  Erica (D:10)
  A two-headed ogre (D:10)
  Urug (D:11)
  An orc knight (Bailey)
  Joseph (D:8)
  Psyche (D:8)
  A troll (D:10)
  Grinder (D:3)
  Sigmund (D:6)
  2 wyverns (D:7)
  A wraith (D:9)
  Eustachio (D:6)
  6 water moccasins
  2 acid dragons
  Duvessa (D:7)
  2 ice beasts
  10 orc warriors
  A sky beast (D:8)
  2 ogres (D:4)
  5 centaurs
  4 phantoms
  2 kobold brigands
  A gnoll sergeant (D:8)
  3 bullfrogs
  3 scorpions
  10 wights
  Dowan (D:7)
  12 killer bees
  A howler monkey (D:10)
  4 crimson imps (D:8)
  3 hounds
  A jelly (D:4)
  Crazy Yiuf (D:2)
  An orc priest (D:8)
  3 gnoll boudas
  A sleepcap (D:5)
  Jessica (D:3)
  6 iguanas
  3 orc wizards
  A hell rat (Sewer)
  18 gnolls
  7 adders
  2 river rats (Sewer)
  A shadow imp (D:5)
  4 white imps (D:8)
  3 ufetubi
  3 worms
  4 dart slugs
  39 orcs
  10 ball pythons
  3 bats
  6 endoplasms
  6 giant cockroaches
  8 goblins
  11 hobgoblins
  8 jackals
  12 kobolds
  5 quokkas (D:4)
  A frilled lizard (D:1)
  13 rats
270 creatures vanquished.

Notes
Turn   | Place    | Note
-------+----------+-------------------------------------------
     0 | D:1      | ChronoRanger the Hill Orc Berserker began the quest for the
                  | Orb.
     0 | D:1      | Reached XP level 1. HP: 19/19 MP: 1/1
   272 | D:1      | Reached XP level 2. HP: 19/27 MP: 2/2
   728 | D:1      | Reached XP level 3. HP: 33/33 MP: 3/3
  1040 | D:1      | Reached ** piety under Trog
  1353 | D:2      | Reached skill level 5 in Axes
  1365 | D:2      | Found a runed translucent door.
  1366 | D:2      | Noticed Crazy Yiuf
  1614 | D:2      | Found a shimmering blue altar of Sif Muna.
  1652 | D:2      | Reached XP level 4. HP: 40/40 MP: 4/4
  2081 | D:2      | Killed Crazy Yiuf
  2242 | D:3      | Reached XP level 5. HP: 42/47 MP: 5/5
  2302 | D:3      | Noticed Jessica
  2316 | D:3      | Killed Jessica
  2727 | D:3      | Noticed Grinder
  2732 | D:3      | Paralysed by Grinder for 2 turns
  2737 | D:3      | Killed Grinder
  2738 | D:3      | Reached skill level 5 in Fighting
  2738 | D:3      | Reached skill level 6 in Axes
  2738 | D:3      | Reached XP level 6. HP: 56/56 MP: 6/6
  3082 | D:4      | Found a glowing drain.
  3099 | Sewer    | Entered a sewer
  3310 | Sewer    | Reached skill level 7 in Axes
  3310 | Sewer    | Reached XP level 7. HP: 61/61 MP: 7/7
  3801 | D:4      | Reached skill level 8 in Axes
  4671 | D:5      | Entered Level 5 of the Dungeon
  4877 | D:5      | Reached XP level 8. HP: 70/70 MP: 8/8
  5114 | D:5      | Reached skill level 5 in Armour
  5295 | D:5      | Reached skill level 9 in Axes
  5482 | D:5      | Reached *** piety under Trog
  5525 | D:5      | Found a staircase to the Ecumenical Temple.
  5764 | D:6      | Noticed Sigmund
  5771 | D:6      | Killed Sigmund
  5863 | D:6      | Reached skill level 10 in Axes
  5898 | D:6      | Reached XP level 9. HP: 69/73 MP: 9/9
  6093 | D:6      | Found a stormy altar of Qazlal.
  6760 | D:6      | Noticed Eustachio
  6771 | D:6      | Killed Eustachio
  6787 | D:6      | Reached skill level 11 in Axes
  7170 | D:7      | Reached skill level 5 in Dodging
  7213 | D:7      | Found Zazan's Vocational Training.
  7348 | D:7      | Found Yxturiq's Magic Scroll Emporium.
  7362 | D:7      | Reached skill level 12 in Axes
  7368 | D:7      | Noticed Dowan
  7372 | D:7      | Reached XP level 10. HP: 88/88 MP: 10/10
  7384 | D:7      | Noticed Duvessa
  7390 | D:7      | Killed Dowan
  7390 | D:7      | Reached **** piety under Trog
  7402 | D:7      | Killed Duvessa
  7478 | D:7      | Bought a scroll of teleportation for 36 gold pieces
  7885 | D:7      | Bought a scroll of identify for 24 gold pieces
  7885 | D:7      | Bought a scroll of revelation for 90 gold pieces
  7885 | D:7      | Bought 2 scrolls of identify for 48 gold pieces
  8007 | D:8      | Found a flagged portal.
  8055 | Bailey   | Entered a bailey
  9126 | Bailey   | Found a roughly hewn altar of Beogh.
  9126 | Bailey   | Noticed an orc knight
  9140 | Bailey   | Killed an orc knight
  9141 | Bailey   | Reached skill level 13 in Axes
  9185 | D:8      | Acquired a +1 executioner's axe of electrocution
  9537 | D:8      | Noticed Joseph
  9553 | D:8      | Killed Joseph
  9554 | D:8      | Reached skill level 14 in Axes
  9976 | D:8      | Noticed Psyche
  9984 | D:8      | Killed Psyche
  9988 | D:8      | Reached XP level 11. HP: 97/97 MP: 11/11
 10083 | D:8      | Reached skill level 15 in Axes
 10981 | D:10     | Entered Level 10 of the Dungeon
 10981 | D:10     | Noticed Gastronok
 10993 | D:10     | Killed Gastronok
 10994 | D:10     | Reached skill level 16 in Axes
 10997 | D:10     | Noticed Fannar
 11007 | D:10     | Killed Fannar
 11198 | D:10     | Noticed a two-headed ogre
 11210 | D:10     | Killed a two-headed ogre
 11211 | D:10     | Reached skill level 17 in Axes
 11721 | D:10     | Noticed Erica
 11731 | D:10     | Killed Erica
 11888 | D:10     | Identified the +5 leather armour of Liberty {rElec Str+4
                  | Slay-3}
 12138 | D:11     | Noticed Urug
 12155 | D:11     | Killed Urug
 12156 | D:11     | Reached skill level 18 in Axes
 12161 | D:11     | Killed from afar by an electric eel

Illustrated notes

Levels and vault maps discovered:
D:1:      onia_arrival_mini_spirals, layout_basic, minmay_pentomino_s2
D:2:      layout_basic, basic_altar, uniq_crazy_yiuf_cottage
D:3:      layout_loops_cross, uniq_jessica, uniq_grinder
D:4:      layout_loops_ring, serial_forest, infiniplex_forest_clump_curved,
          infiniplex_forest_side_room, infiniplex_forest_end_3,
          infiniplex_forest_straight_1, infiniplex_forest_clump_small,
          infiniplex_forest_straight_2, infiniplex_forest_join,
          portal_sewer_entry_f
D:5:      minmay_angry_zag, layout_loops_ring, temple_statues
D:6:      layout_loops_ring, grunt_qazlal_sundering, uniq_eustachio,
          uniq_sigmund
D:7:      layout_cave_pools, serial_shops, shop_scrolls,
          nicolae_shop_vocational, uniq_duvessa
D:8:      corexii_shack_village, layout_basic, enter_bailey_4,
          minmay_fire_ice_demons, uniq_psyche, uniq_joseph
D:9:      layout_roguey
D:10:     layout_irregular_city, uniq_fannar, uniq_erica, uniq_gastronok
D:11:     layout_loops_ring, hellmonk_lair_entry_icy, erik_orc_2, uniq_urug

Skill      XL: |  1  2  3  4  5  6  7  8  9 10 11 |
---------------+----------------------------------+-----
Fighting       | 4 5 6 8 9 |  9.0
Dodging        | 2 3 4 5 |  5.9
Axes           | 5 6 7 8 10 12 14 18 | 18.1
Armour         | 3 4 5 7 |  7.8

Action                     |  1- 3 |  4- 6 |  7- 9 | 10-12 || total
---------------------------+-------+-------+-------+-------++-------
  Melee: Hand axe          |   128 |   162 |   454 |   153 ||   897
         Punch             |     1 |     1 |    12 |     3 ||    17
         Executioner's axe |       |       |       |   230 ||   230
 Invoke: Berserk           |     1 |     2 |     5 |     4 ||    12
         Trog's Hand       |       |     1 |       |       ||     1
    Use: Scroll            |       |     4 |     9 |    11 ||    24
         Potion            |       |       |       |     1 ||     1
 Armour: Animal skin       |    11 |       |       |       ||    11
         Scale mail        |    71 |    93 |   151 |       ||   315
         Chain mail        |       |       |    48 |       ||    48
         Plate armour      |       |       |    18 |   390 ||   408
  Dodge: Dodged            |    64 |    68 |   161 |   233 ||   526

Table legend: (Time is in decaauts)
 A = Elapsed time spent in this place.
 B = Non-inter-level travel time spent in this place.
 C = Inter-level travel time spent in this place.
 D = Time resting spent in this place.
 E = Time spent auto-exploring this place.
 F = Levels seen in this place.
 G = Mean time per level.
                   A        B        C        D        E       F      G
               +--------+--------+--------+--------+--------+-----+--------+
         Total |  12223 |  11339 |    884 |   2550 |   3527 |  13 |  940.2 |
       Dungeon |  10873 |   9989 |    884 |   1844 |   3518 |  11 |  988.5 |
         Sewer |    242 |    242 |      0 |     95 |      9 |   1 |  242.0 |
        Bailey |   1108 |   1108 |      0 |    611 |      0 |   1 | 1108.0 |
               +--------+--------+--------+--------+--------+-----+--------+

Top non-repeatable levels by time:
     D:4: 1448 daAuts
     D:6: 1214 daAuts
     D:5: 1199 daAuts
    D:10: 1182 daAuts
     D:8: 1174 daAuts
     D:2: 1127 daAuts
     D:1: 1119 daAuts
  Bailey: 1108 daAuts
     D:7: 836 daAuts
     D:3: 787 daAuts
     D:9: 757 daAuts
   Sewer: 242 daAuts
    D:11: 24 daAuts
